 Dungeon Sprint DCSS version 0.24.0-37-gcf1ca852f1 (webtiles) character file.

Game seed: 8090847352112089886, levelgen mode: deterministic

259 Cryoshakespeare the Covert (level 5, -8/38 HPs)
             Began as a Vampire Assassin on Nov 23, 2019.
             Mangled by a slime creature (20 damage)
             ... in the Dungeon (Sprint I: "Red Sonja").
             The game lasted 00:00:41 (105 turns).

Cryoshakespeare the Covert (Vampire Assassin)        Turns: 105, Time: 00:00:41

Health: -8/38      AC:  3    Str: 10    XL:     5   Next: 95%
Magic:  5/5        EV: 12    Int: 14    God:
Gold:   162        SH:  0    Dex: 16    Spells: 4/4 levels left

rFire    . . .     SeeInvis +   a - +2 dagger
rCold    . . .     Gourm    .   (no shield)
rNeg     . . .     Faith    .   b - +0 robe
rPois    .         Spirit   .   (no helmet)
rElec    .         Reflect  .   c - +0 cloak
rCorr    .         Harm     .   (no gloves)
MR       .....     NoTele   +   (no boots)
Stlth    ++++++....             (no amulet)
HPRegen  0.32/turn              (no ring)
MPRegen  0.09/turn              (no ring)

@: regenerating quickly
A: no food, fangs 3, see invisible, unbreathing
a: Exsanguinate


You were in the Dungeon.
You were alive.

You visited 1 branch You collected 162 gold pieces.

Inventory:

Hand Weapons
 a - a +2 dagger (weapon)
Missiles
 d - 8 poisoned darts (quivered)
 e - 2 curare-tipped darts
Armour
 b - a +0 robe (worn)
 c - a +0 cloak (worn)
Scrolls
 k - a scroll of blinking
Potions
 f - a potion of curing
 g - a potion of heal wounds
 h - a potion of haste
 i - 2 potions of magic


   Skills:
 - Level 1.7 Fighting
 + Level 9.8 Short Blades
 - Level 1.5 Throwing
 - Level 1.1 Dodging
 + Level 14.0 Stealth


You had 4 spell levels left.
You didn't know any spells.
Your spell library was empty.

Dungeon Overview and Level Annotations

Branches:
Dungeon (1/1)

Altars:
Makhleb
Xom
Jiyva
Lugonu


Innate Abilities, Weirdness & Mutations

You do not eat.
Your natural rate of healing is unusually fast.
You have razor-sharp teeth.
You have supernaturally acute eyesight. (SInv)
You can survive without breathing.


Message History

The slime creature is moderately wounded.
The slime creature hits you!
You barely miss the slime creature.
The slime creature is moderately wounded.
You hit the slime creature.
The slime creature is moderately wounded.
The slime creature barely misses you.
You hit the slime creature.
The slime creature is moderately wounded.
You hit the slime creature.
The slime creature is heavily wounded.
The slime creature hits you!!
* * * LOW HITPOINT WARNING * * *
You hit the slime creature.
The slime creature is heavily wounded.
You barely miss the slime creature.
The slime creature is heavily wounded.
The slime creature hits you!!
Ouch! That really hurt!
You die...

###################
#<.#..').#.)'@J#__#
#..').#..'..#..'..+
#..#####'#####+#__#
#..# #..# ### #..#
#### #..# #⌠⌠# ####


You could see a slime creature.

Vanquished Creatures
  Sigmund (D)
  An ogre (D)
  Ijyb (D)
3 creatures vanquished.

Notes
Turn   | Place    | Note
-------+----------+-------------------------------------------
     0 | D        | Cryoshakespeare the Vampire Assassin began the quest for
                  | the Orb.
     0 | D        | Reached XP level 1. HP: 16/16 MP: 1/1
     2 | D        | Noticed Ijyb
    12 | D        | Killed Ijyb
    12 | D        | Reached skill level 8 in Stealth
    12 | D        | Reached XP level 2. HP: 16/22 MP: 2/2
    53 | D        | Noticed an ogre
    64 | D        | Killed an ogre
    64 | D        | Reached skill level 11 in Stealth
    64 | D        | Reached XP level 3. HP: 27/27 MP: 3/3
    64 | D        | Reached XP level 4. HP: 33/33 MP: 4/4
    73 | D        | Noticed Sigmund
    76 | D        | Killed Sigmund
    76 | D        | Reached skill level 14 in Stealth
    76 | D        | Reached XP level 5. HP: 38/38 MP: 5/5
    88 | D        | Found a burning altar of Makhleb.
    88 | D        | Found a viscous altar of Jiyva.
    88 | D        | Found a shimmering altar of Xom.
    88 | D        | Found a corrupted altar of Lugonu.
    88 | D        | Noticed a slime creature
   105 | D        | Mangled by a slime creature

Levels and vault maps discovered:
D:        dungeon_sprint_1 [red_sonja_temple_1, red_sonja_temple_small_1]

Skill      XL: |  1  2  3  4 |
---------------+-------------+-----
Short Blades   | 4 7 9 |  9.8
Stealth        | 8 11 14 | 14.0
Fighting       | |  1.7
Throwing       | |  1.5
Dodging        | |  1.1

Action                   |  1- 3 |  4- 6 || total
-------------------------+-------+-------++-------
Melee: Dagger            |    16 |    15 ||    31
       Bite              |     1 |     1 ||     2
  Use: Potion            |     1 |       ||     1
 Stab: Sleeping          |       |     1 ||     1
Armor: Robe              |     1 |       ||     1
Dodge: Dodged            |     7 |     3 ||    10
